 Dungeon Crawl Stone Soup version 0.21-a0-417-g0adc95b (webtiles) character file.

1365 sagitran the Cudgeler (level 8, -3/79 HPs)
             Began as an Ogre Hunter on Nov 3, 2017.
             Slain by an orc warrior
             ... wielding a +2 trident of piercing
              (5 damage)
             ... on level 6 of the Dungeon.
             The game lasted 00:27:35 (6855 turns).

sagitran the Cudgeler (Ogre Hunter)                 Turns: 6855, Time: 00:27:36

Health: -3/79      AC: 13    Str: 18    XL:     8   Next: 65%
Magic:  8/8        EV: 11    Int: 12    God:
Gold:   223        SH:  0    Dex: 10    Spells: 7/7 levels left

rFire    . . .     SeeInvis .   c - +2 flail (protect)
rCold    . . .     Gourm    .   (no shield)
rNeg     . . .     Faith    .   b - +0 robe
rPois    +         Spirit   .   (helmet restricted)
rElec    .         Reflect  .   w - +2 cloak
rCorr    .         Harm     .   (gloves unavailable)
MR       +....                  (boots unavailable)
Stlth    ++........             (no amulet)
HPRegen  0.23/turn              e - ring of protection from magic
MPRegen  0.11/turn              k - ring of poison resistance

@: protection aura
A: unfitting armour, tough skin 1
a: no special abilities


You were on level 6 of the Dungeon.
You were not hungry.

You visited 2 branches of the dungeon, and saw 7 of its levels.

You collected 223 gold pieces.

Inventory:

Hand Weapons
 a - a +0 short sword
 c - a +2 flail of protection (weapon)
 l - a +0 giant spiked club
 r - a +0 lajatang
Missiles
 d - a throwing net
 o - 4 large rocks (quivered)
 p - 10 tomahawks
Armour
 b - a +0 robe (worn)
 q - a +0 cloak
 v - a +2 cloak
 w - a +2 cloak (worn)
Jewellery
 e - a ring of protection from magic (left hand)
 h - an uncursed amulet of regeneration {unknown}
 k - a ring of poison resistance (right hand)
 s - an uncursed ring of poison resistance
 C - an uncursed amulet of faith
 E - an uncursed ring of wizardry
Wands
 z - a wand of digging (11/24)
Scrolls
 i - 2 scrolls of enchant armour
 m - 3 scrolls of amnesia
 n - a scroll of fog {unknown}
 u - 2 scrolls of noise {unknown}
 x - 2 scrolls of teleportation {unknown}
 y - 2 scrolls of recharging {unknown}
 A - a scroll of remove curse
 D - a scroll of random uselessness {unknown}
Potions
 g - a potion of berserk rage {unknown}
 B - a potion of lignification {unknown}
 F - a potion of curing
Comestibles
 f - 6 bread rations
 j - 3 meat rations
 t - 15 fruits


   Skills:
 + Level 4.6 Fighting
 * Level 6.9 Maces & Flails
 + Level 5.2 Throwing
 + Level 4.2 Dodging
 + Level 1.3 Stealth
 + Level 1.6 Unarmed Combat


You had 7 spell levels left.
You didn't know any spells.

Dungeon Overview and Level Annotations

Branches:
Dungeon (6/15)             Temple (1/1) D:5

Altars:
Ashenzari
Dithmenos
Elyvilon
Fedhas
Gozag
Kikubaaqudgha
Makhleb
Nemelex Xobeh
Okawaru
Qazlal
Ru
Sif Muna
Uskayaw
Vehumet
Wu Jian
Xom
Yredelemnul
Zin
The Shining One
Lugonu


Innate Abilities, Weirdness & Mutations

You are too large for most types of armour.
You have tough skin. (AC +1)


Message History

There is a stone staircase leading up, spattered with blood here.
You barely miss the hound skeleton.
The hound skeleton is lightly damaged.
The hound skeleton bites you.
The orc warrior hits you from afar with a trident of piercing!!
You thump the hound skeleton!
Your weapon exudes an aura of protection.
The hound skeleton is heavily damaged.
The hound skeleton barely misses you. The orc warrior barely misses you.
You closely miss the hound skeleton.
The hound skeleton is heavily damaged.
The hound skeleton bites you.
The orc warrior hits you from afar with a trident of piercing!!
* * * LOW HITPOINT WARNING * * *
The hound skeleton barely misses you. The hound skeleton bites you.
* * * LOW HITPOINT WARNING * * *
The orc warrior hits you from afar with a trident of piercing!!
* * * LOW HITPOINT WARNING * * *
You die...

.##.....#.#.......#
.##.#...#.#.#....<+
..........#.#.....#
..........#.#....>##
..........#.#...#.....
..........#.#.#.#.###.#
..........#.#.#.#..#
..........#.#.#..#.##.#
...(......#.#...@._...#
..............oZ##.#.##
.......##.....#.# ...
.........#....#[# ###
..........#..#..#
..........###...#
..###....###....## ..#
#...#..#.....### ..#
#..#....#.((...#


You could see an orc warrior and a hound skeleton.

Vanquished Creatures
  Edmund (D:6)
  An ice beast (D:4)
  A phantom (D:4)
  2 ogres (D:4)
  2 centaurs
  A water moccasin skeleton (D:6)
  A crimson imp (D:5)
  3 orc priests
  Crazy Yiuf (D:2)
  Terence (D:2)
  10 orc wizards
  2 worker ants (D:4)
  5 adders
  4 gnolls (D:4)
  A shadow imp (D:5)
  An ooze (D:1)
  4 worms
  2 dart slugs
  5 leopard geckos
  21 orcs
  5 giant cockroaches
  7 goblins
  6 hobgoblins
  3 jackals (D:3)
  9 kobolds
  4 quokkas
  A ball python (D:4)
  11 bats
  3 frilled lizards (D:2)
  6 rats
124 creatures vanquished.

Notes
Turn   | Place    | Note
-------+----------+-------------------------------------------
     0 | D:1      | sagitran the Ogre Hunter began the quest for the Orb.
     0 | D:1      | Reached XP level 1. HP: 22/22 MP: 1/1
    42 | D:1      | HP: 1/22 [leopard gecko (4)]
   446 | D:1      | Reached XP level 2. HP: 12/29 MP: 2/2
   945 | D:1      | Reached XP level 3. HP: 15/36 MP: 3/3
  1575 | D:2      | Noticed Terence
  1581 | D:2      | Killed Terence
  1581 | D:2      | Reached skill level 1 in Unarmed Combat
  1581 | D:2      | Reached XP level 4. HP: 40/44 MP: 4/4
  1615 | D:2      | Found a shimmering altar of Xom.
  1724 | D:2      | Found a runed door.
  1728 | D:2      | Noticed Crazy Yiuf
  1734 | D:2      | Killed Crazy Yiuf
  1734 | D:2      | Reached skill level 1 in Maces & Flails
  2073 | D:2      | Reached XP level 5. HP: 51/53 MP: 5/5
  2197 | D:2      | Found a glowing silver altar of Zin.
  2197 | D:2      | Found an opulent altar of Gozag.
  2364 | D:2      | Reached skill level 5 in Throwing
  2372 | D:2      | Reached skill level 2 in Maces & Flails
  2509 | D:3      | Found a blossoming altar of Fedhas.
  2718 | D:3      | Reached skill level 3 in Maces & Flails
  2718 | D:3      | Reached XP level 6. HP: 59/61 MP: 6/6
  3096 | D:4      | Noticed a phantom
  3139 | D:4      | Killed a phantom
  3139 | D:4      | Reached skill level 1 in Stealth
  3262 | D:4      | Reached skill level 4 in Maces & Flails
  3590 | D:4      | Reached XP level 7. HP: 54/68 MP: 7/7
  4217 | D:4      | Reached skill level 5 in Maces & Flails
  4817 | D:5      | Entered Level 5 of the Dungeon
  4943 | D:4      | Reached XP level 8. HP: 47/78 MP: 8/8
  5092 | D:5      | Found a staircase to the Ecumenical Temple.
  5780 | Temple   | Entered the Ecumenical Temple
  5994 | D:5      | Reached skill level 6 in Maces & Flails
  6124 | D:5      | Found a hide-covered altar of Uskayaw.
  6125 | D:5      | Found a sparkling altar of Nemelex Xobeh.
  6125 | D:5      | Found an ancient bone altar of Kikubaaqudgha.
  6125 | D:5      | Found a glowing golden altar of the Shining One.
  6133 | D:5      | Found a basalt altar of Yredelemnul.
  6137 | D:5      | Found an ornate altar of the Wu Jian Council.
  6165 | D:6      | Found a sacrificial altar of Ru.
  6166 | D:6      | Noticed Edmund
  6179 | D:6      | Killed Edmund
  6855 | D:6      | HP: 2/79 [orc warrior/trident of piercing (18)]
  6855 | D:6      | Slain by an orc warrior

Vault maps used:
D:1:      dpeg_arrival_simpleton_b, st_stairs_1
D:2:      grunt_temple_overflow_gold_and_silver, xom_teletrap_fun,
          uniq_crazy_yiuf_cottage, uniq_terence
D:3:      fedhas_altar_4, first_bread, dk_vineyard_3
D:4:      kennysheep_generic_room_13
D:5:      minmay_overflow_temple_hex, minmay_temple_entry_statues
D:6:      old_forge, lemuel_crystal_altar, minmay_misc_feat_chi, uniq_grinder,
          uniq_edmund
Temple:   corrupted_temple

Skill      XL: |  1  2  3  4  5  6  7  8 |
---------------+-------------------------+-----
Dodging        | 2 3 4 |  4.2
Unarmed Combat | 1 |  1.6
Fighting       | 3 4 |  4.6
Maces & Flails | 1 3 4 5 6 |  6.9
Throwing       | 5 |  5.2
Stealth        | 1 |  1.3

Action                   |  1- 3 |  4- 6 |  7- 9 || total
-------------------------+-------+-------+-------++-------
Melee: Unarmed           |    93 |       |       ||    93
       Flail             |       |   205 |   165 ||   370
       Punch             |       |     1 |     2 ||     3
Throw: Large rock        |    27 |     9 |     6 ||    42
       Throwing net      |     2 |     1 |     1 ||     4
  Use: Scroll            |     2 |     2 |     3 ||     7
       Potion            |       |     1 |     3 ||     4
 Stab: Held in net/web   |       |       |     2 ||     2
  Eat: Chunk             |     1 |     5 |     6 ||    12
       Royal jelly       |     1 |       |     2 ||     3
       Fruit             |       |       |     2 ||     2
Armor: Robe              |    38 |   101 |    87 ||   226
Dodge: Dodged            |    84 |   146 |   123 ||   353

Table legend:
 A = Spawn XP
 B = Non-spawn XP
 C = Spawn XP percentage of total XP
 D = Spawn monster count
 E = Non-spawn monster count
 F = Spawn count percentage of total count
 G = Total turns spent on level
                    A         B        C        D         E        F      G
               +---------+---------+-------+---------+---------+-------+---------
         Total |       0 |    1950 |   0.0 |       0 |     124 |   0.0 |  6855
               +---------+---------+-------+---------+---------+-------+---------
           D:1 |       0 |      41 |   0.0 |       0 |      23 |   0.0 |  1454
           D:2 |       0 |     186 |   0.0 |       0 |      31 |   0.0 |   940
           D:3 |       0 |     148 |   0.0 |       0 |      18 |   0.0 |   762
           D:4 |       0 |     894 |   0.0 |       0 |      37 |   0.0 |  1908
           D:5 |       0 |     297 |   0.0 |       0 |       8 |   0.0 |  1553
           D:6 |       0 |     384 |   0.0 |       0 |       7 |   0.0 |   188
               +---------+---------+-------+---------+---------+-------+---------
